TOP OF THE 1ST |
Las Vegas Stars batting - Pitching for San Jose Missions : LHP Ron Seccombe
|
Pitching: LHP Ron Seccombe
|
|
Batting: LHB Evan Slootweg
|
0-0: Called Strike 0-1: Foul Ball, location: 2F 0-2: Ground out 3-1 (Groundball, 34)
|
Batting: RHB Ron Shelton
|
0-0: Fly out, F9 (Flyball, 9M)
|
Batting: LHB Paco Rivera
|
0-0: Foul Ball, location: 2F 0-1: Swinging Strike 0-2: SINGLE (Line Drive, 6D)
|
Batting: LHB Ricardo Vargas
|
0-0: Called Strike 0-1: Ball 1-1: Ball 2-1: Ball 3-1: Fly out, F8 (Flyball, 8LD)
|
Top of the 1st over - 0 run(s), 1 hit(s), 0 error(s), 1 left on base; Las Vegas 0 - San Jose 0 |
BOTTOM OF THE 1ST |
San Jose Missions batting - Pitching for Las Vegas Stars : RHP Jim Hendon
|
Pitching: RHP Jim Hendon
|
|
Batting: LHB Dave Marshall
|
0-0: Ball 1-0: Called Strike 1-1: Foul Ball, location: 2F 1-2: Strikes out looking
|
Batting: LHB Raúl García
|
0-0: Foul Ball, location: 2F 0-1: Swinging Strike 0-2: Strikes out looking
|
Batting: RHB Ed Starr
|
0-0: Swinging Strike 0-1: Ball 1-1: Called Strike 1-2: Ball 2-2: Foul Ball, location: 2F 2-2: Foul Ball, location: 2F 2-2: Ground out 5-3 (Groundball, 56)
|
Bottom of the 1st over - 0 run(s), 0 hit(s), 0 error(s), 0 left on base; Las Vegas 0 - San Jose 0 |
TOP OF THE 2ND |
Las Vegas Stars batting - Pitching for San Jose Missions : LHP Ron Seccombe
|
Batting: RHB Brian George
|
0-0: Ball 1-0: Foul Ball, location: 2F 1-1: Swinging Strike 1-2: Ball 2-2: Fly out, F9 (Popup, 4D)
|
Batting: LHB Eliot Helen
|
0-0: Ground out 4-3 (Groundball, 34)
|
Batting: RHB Tom Jacobson
|
0-0: Called Strike 0-1: Ball 1-1: Called Strike 1-2: Ball 2-2: Ground out 5-3 (Groundball, 5L)
|
Top of the 2nd over - 0 run(s), 0 hit(s), 0 error(s), 0 left on base; Las Vegas 0 - San Jose 0 |
BOTTOM OF THE 2ND |
San Jose Missions batting - Pitching for Las Vegas Stars : RHP Jim Hendon
|
Batting: RHB Chang-geun Kim
|
0-0: Foul Ball, location: 2F 0-1: Ground out 5-3 (Groundball, 56)
|
Batting: LHB Mel Jones
|
0-0: Ball 1-0: Called Strike 1-1: Ball 2-1: Foul Ball, location: 2F 2-2: Foul Ball, location: 2F 2-2: Ball 3-2: Strikes out looking
|
Batting: RHB Mike Gordon
|
0-0: Ball 1-0: Called Strike 1-1: Foul Ball, location: 2F 1-2: Strikes out swinging
|
Bottom of the 2nd over - 0 run(s), 0 hit(s), 0 error(s), 0 left on base; Las Vegas 0 - San Jose 0 |
TOP OF THE 3RD |
Las Vegas Stars batting - Pitching for San Jose Missions : LHP Ron Seccombe
|
Batting: RHB Tae-kwon Kwon
|
0-0: Ball 1-0: Ball 2-0: Ball 3-0: Called Strike 3-1: Foul Ball, location: 2F 3-2: Foul Ball, location: 2F 3-2: Foul Ball, location: 2F 3-2: SINGLE (Line Drive, 89S)
|
Batting: RHB Cole Bradley
|
0-0: Ball 1-0: Called Strike 1-1: Called Strike 1-2: Strikes out swinging
|
Batting: LHB Evan Slootweg
|
0-0: Called Strike Tae-kwon Kwon steals 2nd base 0-1: Ball 1-1: Called Strike 1-2: Fly out, F9 (Flyball, 89D) Runner from 2nd tags up, SAFE at 3rd, no throw
|
Batting: RHB Ron Shelton
|
0-0: Called Strike 0-1: Ball Wild Pitch! Tae-kwon Kwon scores 1-1: Ball 2-1: Ground out 5-3 (Groundball, 5L)
|
Top of the 3rd over - 1 run(s), 1 hit(s), 0 error(s), 0 left on base; Las Vegas 1 - San Jose 0 |
BOTTOM OF THE 3RD |
San Jose Missions batting - Pitching for Las Vegas Stars : RHP Jim Hendon
|
Batting: RHB Edgar Wilson
|
0-0: Called Strike 0-1: Called Strike 0-2: Ball 1-2: Ball 2-2: Foul Ball, location: 2F 2-2: Strikes out looking
|
Batting: RHB Cal Keys
|
0-0: Ball 1-0: Fly out, F8 (Flyball, 8RXD)
|
Batting: RHB Josh Powell
|
0-0: Called Strike 0-1: Foul Ball, location: 2F 0-2: Ball 1-2: Ground out 6-3 (Groundball, 6S)
|
Bottom of the 3rd over - 0 run(s), 0 hit(s), 0 error(s), 0 left on base; Las Vegas 1 - San Jose 0 |
TOP OF THE 4TH |
Las Vegas Stars batting - Pitching for San Jose Missions : LHP Ron Seccombe
|
Batting: LHB Paco Rivera
|
0-0: Foul Ball, location: 2F 0-1: Ball 1-1: Foul Ball, location: 2F 1-2: Ground out 4-3 (Groundball, 4)
|
Batting: LHB Ricardo Vargas
|
0-0: Ball 1-0: Called Strike 1-1: Ball 2-1: Foul Ball, location: 2F 2-2: Ball 3-2: Strikes out looking
|
Batting: RHB Brian George
|
0-0: Ball 1-0: Ball 2-0: Called Strike 2-1: SINGLE (Line Drive, 34)
|
Batting: LHB Eliot Helen
|
0-0: Swinging Strike 0-1: Foul Ball, location: 2F 0-2: Ball 1-2: Foul Ball, location: 2F 1-2: Ball 2-2: Ball 3-2: Fly out, F2 (Popup, 2LF)
|
Top of the 4th over - 0 run(s), 1 hit(s), 0 error(s), 1 left on base; Las Vegas 1 - San Jose 0 |
BOTTOM OF THE 4TH |
San Jose Missions batting - Pitching for Las Vegas Stars : RHP Jim Hendon
|
Batting: LHB Dave Marshall
|
0-0: Called Strike 0-1: Ball 1-1: Fly out, F8 (Flyball, 8RD)
|
Batting: LHB Raúl García
|
0-0: Called Strike 0-1: Ball 1-1: Foul Ball, location: 2F 1-2: Foul Ball, location: 2F 1-2: Strikes out swinging
|
Batting: RHB Ed Starr
|
0-0: Ball 1-0: Foul Ball, location: 2F 1-1: Called Strike 1-2: Strikes out swinging
|
Bottom of the 4th over - 0 run(s), 0 hit(s), 0 error(s), 0 left on base; Las Vegas 1 - San Jose 0 |
TOP OF THE 5TH |
Las Vegas Stars batting - Pitching for San Jose Missions : LHP Ron Seccombe
|
Batting: RHB Tom Jacobson
|
0-0: Called Strike 0-1: Called Strike 0-2: Foul Ball, location: 2F 0-2: Strikes out swinging
|
Batting: RHB Tae-kwon Kwon
|
0-0: Called Strike 0-1: Ball 1-1: DOUBLE (Flyball, 89XD)
|
Batting: RHB Cole Bradley
|
0-0: Intentional Walk
|
Batting: LHB Evan Slootweg
|
0-0: Ball Tae-kwon Kwon steals 3rd base Cole Bradley to second 1-0: Foul Ball, location: 2F 1-1: SINGLE (Groundball, 34S) Tae-kwon Kwon scores Cole Bradley to third
|
Batting: RHB Ron Shelton
|
0-0: Called Strike 0-1: Fly out, F8 (Flyball, 8RM) Runner from 3rd tags up, SCORES, throw made
|
Batting: LHB Paco Rivera
|
0-0: Called Strike 0-1: Ball 1-1: Foul Ball, location: 2F 1-2: Ball 2-2: Ball 3-2: Foul Ball, location: 2F 3-2: Ground out 1-3 (Groundball, 15S)
|
Top of the 5th over - 2 run(s), 2 hit(s), 0 error(s), 1 left on base; Las Vegas 3 - San Jose 0 |
BOTTOM OF THE 5TH |
San Jose Missions batting - Pitching for Las Vegas Stars : RHP Jim Hendon
|
Batting: RHB Chang-geun Kim
|
0-0: Ball 1-0: Ball 2-0: Ground out 5-3 (Groundball, 5S)
|
Batting: LHB Mel Jones
|
0-0: Called Strike 0-1: Ground out 4-3 (Groundball, 34)
|
Batting: RHB Mike Gordon
|
0-0: Called Strike 0-1: Foul Ball, location: 2F 0-2: Ball 1-2: Foul Ball, location: 2F 1-2: Strikes out swinging
|
Bottom of the 5th over - 0 run(s), 0 hit(s), 0 error(s), 0 left on base; Las Vegas 3 - San Jose 0 |
TOP OF THE 6TH |
Las Vegas Stars batting - Pitching for San Jose Missions : LHP Ron Seccombe
|
Batting: LHB Ricardo Vargas
|
0-0: Called Strike 0-1: Ball 1-1: Ball 2-1: Called Strike 2-2: Strikes out swinging
|
Batting: RHB Brian George
|
0-0: Swinging Strike 0-1: Ball 1-1: Called Strike 1-2: Reached on error, E4 (Groundball, 34)
|
Batting: LHB Eliot Helen
|
0-0: Called Strike 0-1: Swinging Strike 0-2: Foul Ball, location: 2F 0-2: Foul Ball, location: 2F 0-2: Ball 1-2: Foul Ball, location: 2F 1-2: Fielders Choice at 2nd, 6-4 (Groundball, 6M)
|
Batting: RHB Tom Jacobson
|
0-0: Ball 1-0: Foul Ball, location: 2F 1-1: Ball 2-1: SINGLE (Line Drive, 56) Eliot Helen to second
|
Batting: RHB Tae-kwon Kwon
|
0-0: Foul Ball, location: 2F 0-1: Foul Ball, location: 2F 0-2: Ball 1-2: Foul Ball, location: 2F 1-2: Ball 2-2: Foul Ball, location: 2F 2-2: Ground out 5-3 (Groundball, 56S)
|
Top of the 6th over - 0 run(s), 1 hit(s), 1 error(s), 2 left on base; Las Vegas 3 - San Jose 0 |
BOTTOM OF THE 6TH |
San Jose Missions batting - Pitching for Las Vegas Stars : RHP Jim Hendon
|
Batting: RHB Edgar Wilson
|
0-0: Ball 1-0: Foul Ball, location: 2F 1-1: Swinging Strike 1-2: Ball 2-2: Strikes out swinging
|
Batting: RHB Cal Keys
|
0-0: Fly out, F9 (Flyball, 89S)
|
Batting: RHB Josh Powell
|
0-0: Ball 1-0: Swinging Strike 1-1: Ball 2-1: Swinging Strike 2-2: Strikes out swinging
|
Bottom of the 6th over - 0 run(s), 0 hit(s), 0 error(s), 0 left on base; Las Vegas 3 - San Jose 0 |
TOP OF THE 7TH |
Las Vegas Stars batting - Pitching for San Jose Missions : LHP Ron Seccombe
|
Pitching: RHP Gabriel Moore
|
|
Batting: RHB Cole Bradley
|
0-0: Ball 1-0: Called Strike 1-1: Reached on error, E5 (Groundball, 5)
|
Pitching: RHP Anthony Jones
|
|
Batting: LHB Evan Slootweg
|
0-0: Ball 1-0: Foul Ball, location: 2F 1-1: Foul Ball, location: 2F 1-2: Foul Ball, location: 2F 1-2: Strikes out swinging
|
Pitching: RHP Oliver Meléndez
|
|
Batting: RHB Ron Shelton
|
0-0: Called Strike 0-1: Ball 1-1: Ball 2-1: SINGLE (Groundball, 34S) Cole Bradley to third Runner from 3rd tries for Home, SAFE, throw made home Ron Shelton to second
|
Batting: LHB Paco Rivera
|
0-0: Ground out 6-3 (Groundball, 6M) Ron Shelton to third
|
Batting: LHB Ricardo Vargas
|
0-0: Called Strike 0-1: Called Strike 0-2: Ball 1-2: SINGLE (Line Drive, 8LS) Ron Shelton scores
|
Batting: RHB Brian George
|
0-0: Ball 1-0: Ball 2-0: Called Strike 2-1: Fielders Choice at 2nd, U6 (Groundball, 6M)
|
Top of the 7th over - 2 run(s), 2 hit(s), 1 error(s), 1 left on base; Las Vegas 5 - San Jose 0 |
BOTTOM OF THE 7TH |
San Jose Missions batting - Pitching for Las Vegas Stars : RHP Jim Hendon
|
Batting: LHB Dave Marshall
|
0-0: SINGLE (Groundball, 6MD)
|
Batting: LHB Raúl García
|
0-0: Ball 1-0: Foul Ball, location: 2F 1-1: Ball 2-1: Called Strike 2-2: Strikes out swinging
|
Batting: RHB Ed Starr
|
0-0: Ball 1-0: Swinging Strike 1-1: Foul Ball, location: 2F 1-2: SINGLE (Groundball, 6MD) Dave Marshall to second
|
Batting: RHB Chang-geun Kim
|
0-0: Ball 1-0: 3-RUN HOME RUN (Flyball, 78XD), Distance : 411 ft
|
Batting: LHB Mel Jones
|
0-0: Swinging Strike 0-1: Ball 1-1: Foul Ball, location: 2F 1-2: Strikes out swinging
|
Batting: RHB Mike Gordon
|
0-0: Ball 1-0: Ball 2-0: Swinging Strike 2-1: Foul Ball, location: 2F 2-2: Strikes out swinging
|
Bottom of the 7th over - 3 run(s), 3 hit(s), 0 error(s), 0 left on base; Las Vegas 5 - San Jose 3 |
TOP OF THE 8TH |
Las Vegas Stars batting - Pitching for San Jose Missions : RHP Oliver Meléndez
|
Batting: LHB Eliot Helen
|
0-0: Ball 1-0: Ball 2-0: DOUBLE (Flyball, 8LXD)
|
Batting: RHB Tom Jacobson
|
0-0: Ball 1-0: Called Strike 1-1: Called Strike 1-2: 2-RUN HOME RUN (Flyball, 7D) (Inside the Park)
|
Batting: RHB Tae-kwon Kwon
|
0-0: Ball 1-0: Ball 2-0: Swinging Strike 2-1: Called Strike 2-2: Ball 3-2: Fly out, F3 (Popup, 23)
|
Batting: RHB Cole Bradley
|
0-0: Called Strike 0-1: Ball 1-1: Ball 2-1: Swinging Strike 2-2: Ball 3-2: Base on Balls
|
Batting: LHB Evan Slootweg
|
0-0: Swinging Strike 0-1: Swinging Strike 0-2: Ball 1-2: Ball 2-2: Fielders Choice at 2nd, 6-4 (Groundball, 6M)
|
Batting: RHB Ron Shelton
|
0-0: Ground out U3 (Groundball, 3L)
|
Top of the 8th over - 2 run(s), 2 hit(s), 0 error(s), 1 left on base; Las Vegas 7 - San Jose 3 |
BOTTOM OF THE 8TH |
San Jose Missions batting - Pitching for Las Vegas Stars : RHP Jim Hendon
|
Batting: RHB Edgar Wilson
|
0-0: Ground out 6-3 (Groundball, 6)
|
Batting: RHB Cal Keys
|
0-0: Ball 1-0: Ball 2-0: Called Strike 2-1: Ball 3-1: Foul Ball, location: 2F 3-2: Base on Balls
|
Pitching: RHP Oliver Donahue
|
|
Batting: RHB Josh Powell
|
0-0: Swinging Strike 0-1: Called Strike 0-2: DOUBLE (Line Drive, 7LM) Cal Keys to third Runner from 3rd tries for Home, SAFE, no throw or cutoff
|
Pitching: RHP Mike Drader
|
|
Batting: LHB Dave Marshall
|
0-0: Ball 1-0: Called Strike 1-1: Ball 2-1: Foul Ball, location: 2F 2-2: Strikes out looking
|
Batting: LHB Raúl García
|
0-0: Ball 1-0: Swinging Strike 1-1: Foul Ball, location: 2F 1-2: Ball 2-2: Strikes out looking
|
Bottom of the 8th over - 1 run(s), 1 hit(s), 0 error(s), 1 left on base; Las Vegas 7 - San Jose 4 |
TOP OF THE 9TH |
Las Vegas Stars batting - Pitching for San Jose Missions : RHP Oliver Meléndez
|
Pitching: RHP Jeff Campbell
|
|
Batting: LHB Paco Rivera
|
0-0: Fly out, F8 (Line Drive, 8LS)
|
Batting: LHB Ricardo Vargas
|
0-0: Ball 1-0: Called Strike 1-1: Foul Ball, location: 2F 1-2: Strikes out swinging
|
Batting: RHB Brian George
|
0-0: Ball 1-0: Called Strike 1-1: Ball 2-1: Swinging Strike 2-2: Ball 3-2: Fly out, F6 (Popup, 8LS)
|
Top of the 9th over - 0 run(s), 0 hit(s), 0 error(s), 0 left on base; Las Vegas 7 - San Jose 4 |
BOTTOM OF THE 9TH |
San Jose Missions batting - Pitching for Las Vegas Stars : RHP Mike Drader
|
Pitching: RHP John Corrigan
|
|
Batting: RHB Ed Starr
|
0-0: Foul Ball, location: 2F 0-1: Swinging Strike 0-2: Strikes out swinging
|
Batting: RHB Chang-geun Kim
|
0-0: DOUBLE (Line Drive, 89D)
|
Batting: LHB Mel Jones
|
0-0: Swinging Strike 0-1: Ball 1-1: Ball 2-1: Ground out 6-3 (Groundball, 6) Chang-geun Kim to third
|
Batting: RHB Mike Gordon
|
0-0: Swinging Strike 0-1: Foul Ball, location: 2F 0-2: Ball 1-2: Strikes out swinging
|
Bottom of the 9th over - 0 run(s), 1 hit(s), 0 error(s), 1 left on base; Las Vegas 7 - San Jose 4 |
|